 Dungeon Crawl Stone Soup version 0.30-a0-778-g2ef04afb54 (console) character file.

Game seed: 10023372006293259430

33198 rlgrobin the Severer (level 14, -17/130 HPs)
             Began as a Meteoran Fighter on Feb 16, 2023.
             Was a High Priest of Fedhas.
             Demolished by a naga
             ... wielding a +0 glaive
              (24 damage)
             ... on level 1 of the Snake Pit.
             The game lasted 00:35:32 (5232 turns).

rlgrobin the Severer (Meteoran Fighter)             Turns: 5232, Time: 00:35:33

Health: -17/130    AC: 19    Str: 29    XL:     14   Next: 39%
Magic:  18/25      EV: 13    Int: 15    God:    Fedhas [*****.]
Gold:   221        SH:  5    Dex: 14    Spells: 13/13 levels left

rFire   + . .      SeeInvis .    a - +1 war axe (chaos)
rCold   + . .      Faith    .    c - +0 buckler
rNeg    . . .      Spirit   .    s - +0 plate armour
rPois   +          Reflect  .    (no helmet)
rElec   .          Harm     .    F - scarf {rC+ rF+}
rCorr   .          Rampage  .    N - +1 pair of gloves {hurl}
Will    +....                    J - +0 pair of boots of the Comet {Int+2} Stlth
                                 v - amulet of regeneration
HPRegen 1.21/turn                f - +5 ring of evasion
MPRegen 0.19/turn                G - ring "Taose" {rPois Str+6 Int+3}

@: glowing
A: sense surroundings 2, otherworldly, glowing, explore regen
a: Renounce Religion, Wall of Briars, Grow Ballistomycete, Overgrow, Grow Oklob


You were on level 1 of the Snake Pit.
You worshipped Fedhas.
Fedhas was extremely pleased with you.
You visited 4 branches of the dungeon, and saw 19 of its levels.
You also visited: Ossuary and Gauntlet.

You collected 1015 gold pieces.
You spent 794 gold pieces at shops.

Inventory:

Hand Weapons
 a - a +1 war axe of chaos (weapon)
 b - a +1 war axe of flaming
 E - the +4 hand axe of Wu Jian's Indignation {venom, rElec Int+3}
   (You bought it in a shop on level 2 of the Orcish Mines)

   Int:       It affects your intelligence (+3).
   rElec:     It insulates you from electricity.
 L - a +4 battleaxe
 M - a +3 broad axe
Missiles
 g - 20 boomerangs (quivered)
Armour
 c - a +0 buckler (worn)
 s - a +0 plate armour (worn)
 F - a scarf of resistance (worn)
 J - the +0 pair of boots of the Comet (worn) {Int+2}
   (You bought it in a shop on level 9 of the Dungeon)

   Int:       It affects your intelligence (+2).
 N - a +1 pair of gloves of hurling (worn)
Jewellery
 e - a ring of willpower
 f - a +5 ring of evasion (left hand)
 n - a +5 ring of evasion
 u - a ring of fire
 v - an amulet of regeneration (around neck)
 A - an amulet of the acrobat
 C - a ring of protection from fire
 D - a ring of ice
 G - the ring "Taose" (right hand) {rPois Str+6 Int+3}
   (You found it in a Gauntlet)

   [ring of strength]

   Str:       It affects your strength (+6).
   Int:       It affects your intelligence (+3).
   rPois:     It protects you from poison.
 I - a ring of resist corrosion
Wands
 k - a wand of charming (17)
 o - a wand of mindburst (5)
 p - a wand of polymorph (16)
 B - a wand of flame (4)
Scrolls
 j - a scroll of amnesia
 l - 2 scrolls of fog
 x - 3 scrolls of teleportation
 y - a scroll of immolation
 H - a scroll of enchant weapon
 K - a scroll of vulnerability {unknown}
Potions
 d - 6 potions of might
 h - 3 potions of attraction
 i - a potion of flight {unknown}
 m - 4 potions of mutation
 q - a potion of magic
 r - a potion of resistance
 t - 3 potions of ambrosia
 w - 2 potions of curing
Miscellaneous
 z - a box of beasts


   Skills:
 - Level 13.8 Fighting
 + Level 15.5 Axes
 - Level 11.0 Armour
 + Level 1.7 Dodging
 - Level 3.6 Shields
 - Level 14.2 Invocations
 - Level 5.1 Evocations


You had 13 spell levels left.
You didn't know any spells.
Your spell library was empty.

Dungeon Overview and Level Annotations

Branches:
Dungeon (12/15) Zot: 4569  Temple (0/1) D:5            Lair (4/5) D:9 Zot: 1193
  Swamp (0/4) Lair:3        Snake (1/4) Lair:2 Zot: 574     Orc (2/2) D:9 Zot: 588
    Elf (0/3) Orc:2       Ossuary (visited)         Gauntlet (visited)
  Slime: Lair:4-5

Altars:
Fedhas
Gozag

Shops:
D:9 [   D:10 *   Orc:2 ([*


Innate Abilities, Weirdness & Mutations

You passively map the area around you.
You are easily found by Zot.
You glow in the dark.
You regain HP and MP as you explore.


Message History

The naga hits your oklob sapling with a +0 battleaxe!
The naga barely misses you. The naga misses you.
The naga sharpshooter gestures wildly while chanting.
The naga sharpshooter magically shoots an arrow.
The arrow hits you!
Your Dodging skill increases to level 1!
You are too injured to fight recklessly!
You are too injured to fight recklessly!
You are too injured to fight recklessly!
You are too injured to fight recklessly!
You are too injured to fight recklessly!
You hit the naga warrior.
The naga warrior resists with almost no effort.
The naga warrior is lightly wounded.
You barely miss the naga. The naga barely misses you.
The naga hits your burning bush with a +0 battleaxe!
The naga hits your oklob sapling with a +0 battleaxe!
The naga grabs you. The naga constricts you.
You barely miss the naga warrior.
The naga warrior is lightly wounded.
You closely miss the naga.
The naga hits you from afar with a +0 glaive!
The naga warrior hits your burning bush with a +4 long sword.
You escape the naga's grasp.
The naga warrior hits you from afar with a +0 glaive!!!
* * * LOW HITPOINT WARNING * * *
The naga misses you.
Your burning bush throws fire at the naga.
The puff of flame hits the naga.
The naga warrior spits poison at you. The splash of poison hits you.
You resist.
* * * LOW HITPOINT WARNING * * *
The naga warrior hits your burning bush with a +0 halberd!
You hear a shout!
You closely miss the naga warrior.
The naga warrior is lightly wounded.
You slash the naga! You burn the naga. The naga warrior closely misses you.
The naga hits you from afar with a +0 glaive!!
You die...
Fedhas appreciates your contribution to the ecosystem.

# #.## ...#### ** *
.... ,.## ,
*#.####..# * * ,,
#@NPP...## *,
##NNN....##. , ,
###NN........ * *
#.....#....# *
####†#.....#... , ,
* ** ,
#.......<..#*#. *
**........##....##
* ,
.####...###....##..
* , ,
##..#*#........


You could see 3 naga warriors, a naga sharpshooter (strong), 2 nagas, a friendly
burning bush (summoned) and a friendly oklob sapling (summoned).

Vanquished Creatures
  An orc warlord (Orc:2)
  Snorg (Lair:3)
  An anaconda (Snake:1)
  A hell hog (Gauntlet)
  A boulder beetle (D:11)
  2 death scarabs (Gauntlet)
  4 death yaks (Lair:2)
  Nergalle (D:10)
  A skyshark (Lair:2)
  3 bog bodies (Lair:3)
  A shining eye (Gauntlet)
  3 orc sorcerers
  A cyclops (Orc:1)
  A manticore (D:9)
  An elephant (D:9)
  A rust devil (Gauntlet)
  An apocalypse crab (Gauntlet)
  2 black mambas
  2 cane toads
  A torpor snail (Lair:3)
  5 komodo dragons
  4 trolls
  3 polar bears (Lair:2)
  3 blink frogs (Lair:4)
  A spectral black mamba (Gauntlet)
  A ynoxinul (Gauntlet)
  A wraith (D:10)
  4 fire bats (Gauntlet)
  A vampire (D:10)
  20 yaks
  2 steam dragons
  7 wyverns
  A golden eye (Gauntlet)
  2 basilisks
  A spectral fire crab (Gauntlet)
  A warg (Orc:2)
  3 nagas (Lair:2)
  A spectral cane toad (Gauntlet)
  3 water moccasins
  2 swamp worms (Lair:3)
  3 hell hounds (Gauntlet)
  A black bear (D:9)
  16 orc warriors
  6 wolves (Lair:3)
  4 ogres
  2 kobold brigands
  An elf zombie (D:5)
  An elf skeleton (D:5)
  3 bullfrogs
  3 wyvern zombies (Ossuary)
  2 scorpions
  2 water moccasin zombies (Ossuary)
  4 killer bees (D:11)
  2 howler monkeys
  An electric eel (Lair:3)
  4 centaur zombies (Ossuary)
  6 bullfrog zombies (Ossuary)
  A hound (D:5)
  2 human zombies (D:5)
  11 orc priests
  4 iron imps (Gauntlet)
  A human skeleton (D:5)
  16 mummies (Ossuary)
  9 orc wizards
  An iguana (D:5)
  2 killer bee zombies (Ossuary)
  A gnoll (D:1)
  2 howler monkey zombies (Ossuary)
  3 adders
  An ufetubus (D:5)
  A dart slug (D:5)
  36 orcs
  A bat (D:1)
  3 endoplasms
  2 giant cockroaches
  12 kobolds
  A quokka (D:3)
  7 ball pythons
  3 frilled lizards
  An orc skeleton (D:5)
  A rat (D:2)
279 creatures vanquished.

Vanquished Creatures (collateral kills)
  A two-headed ogre (D:10)
  2 orc high priests (Orc:2)
  An orc knight (Orc:2)
  An orc sorcerer (Orc:2)
  A manticore (D:12)
  A black mamba (Snake:1)
  A warg (Orc:2)
  An orc warrior (Orc:2)
  A centaur (D:10)
  An orc priest (Orc:2)
  3 orc wizards (Orc:2)
  10 orcs (Orc:2)
  17 ballistomycete spores
41 creatures vanquished.

Vanquished Creatures (others)
  A guardian serpent (Snake:1)
  An orc (D:9)
  A kobold zombie (D:9)
  2 ballistomycete spores
  4 fungi (Lair:3)
  10 plants
  5 withered plants (Ossuary)
24 creatures vanquished.

Grand Total: 344 creatures vanquished

Notes
Turn   | Place    | Note
-------+----------+-------------------------------------------
     0 | D:1      | rlgrobin the Meteoran Fighter began the quest for the Orb.
     0 | D:1      | Reached XP level 1. HP: 19/19 MP: 2/2
    87 | D:1      | Reached skill level 3 in Axes
    87 | D:1      | Reached XP level 2. HP: 10/26 MP: 3/3
   108 | D:1      | Reached XP level 3. HP: 24/31 MP: 4/4
   119 | D:1      | Reached skill level 4 in Axes
   488 | D:4      | Reached XP level 4. HP: 37/38 MP: 5/5
   553 | D:4      | Noticed a scorpion
   560 | D:4      | Killed a scorpion
   561 | D:4      | Reached skill level 5 in Axes
   561 | D:4      | Reached XP level 5. HP: 28/45 MP: 6/6
   599 | D:5      | Entered Level 5 of the Dungeon
   637 | D:5      | Reached XP level 6. HP: 51/51 MP: 7/7
   646 | D:5      | Reached skill level 6 in Axes
   693 | D:5      | Found a blossoming altar of Fedhas.
   693 | D:5      | Noticed a water moccasin
   701 | D:5      | Killed a water moccasin
   702 | D:5      | Reached skill level 7 in Axes
   702 | D:5      | Reached XP level 7. HP: 57/57 MP: 8/8
   708 | D:5      | Became a worshipper of Fedhas Madash
   739 | D:5      | Reached skill level 8 in Axes
   803 | D:5      | Found a sand-covered staircase.
   820 | D:5      | Reached skill level 9 in Axes
   833 | Ossuary  | Entered an ossuary
   846 | Ossuary  | Reached XP level 8. HP: 58/63 MP: 9/9
   881 | Ossuary  | Reached skill level 10 in Axes
   992 | Ossuary  | Reached skill level 11 in Axes
   998 | Ossuary  | Reached * piety under Fedhas
  1019 | Ossuary  | Gained mutation: You passively map the area around you.
                  | [Meteoran growth]
  1019 | Ossuary  | Reached XP level 9. HP: 50/71 MP: 10/10
  1081 | Ossuary  | Reached skill level 5 in Armour
  1144 | Ossuary  | Reached skill level 5 in Fighting
  1484 | D:8      | Reached skill level 1 in Invocations
  1575 | D:10     | Entered Level 10 of the Dungeon
  1575 | D:10     | Found Casatuaf's Assorted Antiques.
  1596 | D:10     | Bought a triangular zirconium amulet for 140 gold pieces
  1632 | D:10     | Noticed a two-headed ogre
  1638 | D:10     | Killed a two-headed ogre
  1644 | D:10     | Reached skill level 5 in Invocations
  1673 | D:10     | Reached ** piety under Fedhas
  1695 | D:10     | Reached XP level 10. HP: 78/86 MP: 13/15
  1809 | D:9      | Found Zuimmanwa's Antique Armour Shop.
  1855 | D:9      | Noticed an elephant
  1871 | D:9      | Killed an elephant
  1872 | D:9      | Reached skill level 12 in Axes
  1887 | D:9      | Found a staircase to the Lair.
  2038 | D:9      | Reached XP level 11. HP: 95/99 MP: 16/16
  2106 | Lair:1   | Entered Level 1 of the Lair of Beasts
  2124 | Lair:1   | Reached *** piety under Fedhas
  2125 | Lair:1   | Reached skill level 10 in Fighting
  2175 | Lair:1   | Reached skill level 13 in Axes
  2185 | Lair:1   | Found a gate leading to a gauntlet.
  2188 | Lair:1   | Noticed a black mamba
  2201 | Lair:1   | Killed a black mamba
  2209 | Gauntlet | Entered a Gauntlet
  2209 | Gauntlet | Found a transporter.
  2216 | Gauntlet | Found a transporter.
  2216 | Gauntlet | Noticed a shining eye
  2217 | Gauntlet | Found a transporter.
  2223 | Gauntlet | Killed a shining eye
  2224 | Gauntlet | Found a transporter.
  2224 | Gauntlet | Noticed a rust devil
  2242 | Gauntlet | Found a transporter.
  2257 | Gauntlet | Killed a rust devil
  2263 | Gauntlet | Found a transporter.
  2265 | Gauntlet | Found a transporter.
  2277 | Gauntlet | Noticed an apocalypse crab
  2309 | Gauntlet | Found a transporter.
  2310 | Gauntlet | Found a transporter.
  2310 | Gauntlet | Found a transporter.
  2319 | Gauntlet | Killed an apocalypse crab
  2322 | Gauntlet | Identified the +3 short sword "Dragonslayer" {heavy, Contam
                  | Str+7}
  2362 | Gauntlet | Noticed a hell hog
  2362 | Gauntlet | Found a transporter.
  2377 | Gauntlet | Killed a hell hog
  2405 | Gauntlet | Found a transporter.
  2405 | Gauntlet | Found a transporter.
  2407 | Gauntlet | Noticed a death scarab
  2408 | Gauntlet | Identified the ring "Taose" {rPois Str+6 Int+3}
  2435 | Gauntlet | Noticed a death scarab
  2438 | Gauntlet | Found a transporter.
  2442 | Gauntlet | Killed a death scarab
  2443 | Gauntlet | Reached skill level 10 in Invocations
  2443 | Gauntlet | Reached XP level 12. HP: 64/106 MP: 20/20
  2446 | Gauntlet | Killed a death scarab
  2455 | Gauntlet | Identified the +4 flail of Sloth {drain, *Noise rN++}
  2521 | Gauntlet | Noticed a minotaur
  2590 | Gauntlet | Identified the +3 ring mail of the Equator {Dex+3 Slay+2
                  | Stlth-}
  2785 | Lair:2   | Reached skill level 5 in Evocations
  2785 | Lair:2   | Identified the +3 quarterstaff of Neurosis {venom, rPois}
  2793 | Lair:2   | Noticed a death yak
  2793 | Lair:2   | Noticed a death yak
  2793 | Lair:2   | Noticed a death yak
  2794 | Lair:2   | Noticed a death yak
  2822 | Lair:2   | Killed a death yak
  2823 | Lair:2   | Killed a death yak
  2823 | Lair:2   | Killed a death yak
  2824 | Lair:2   | Reached skill level 10 in Armour
  2829 | Lair:2   | Killed a death yak
  2915 | Lair:3   | Reached skill level 14 in Axes
  2919 | Lair:3   | Reached **** piety under Fedhas
  3126 | Lair:3   | Noticed a bog body
  3131 | Lair:3   | Reached XP level 13. HP: 31/114 MP: 22/22
  3206 | Lair:3   | Found a staircase to the Swamp.
  3276 | Lair:4   | Reached skill level 15 in Axes
  3279 | Lair:3   | Noticed Snorg
  3297 | Lair:3   | Killed Snorg
  3582 | Lair:2   | Found a staircase to the Snake Pit.
  3749 | D:10     | Noticed Nergalle
  3763 | D:10     | Killed Nergalle
  3917 | D:12     | Found an opulent altar of Gozag.
  4028 | D:11     | Reached ***** piety under Fedhas
  4152 | D:11     | Noticed a boulder beetle
  4169 | D:11     | Killed a boulder beetle
  4235 | D:12     | Noticed a boulder beetle
  4376 | D:9      | Bought a pair of shimmering boots for 275 gold pieces
  4376 | D:9      | Identified the +0 pair of boots of the Comet {Int+2} (You
                  | bought it in a shop on level 9 of the Dungeon)
  4425 | D:9      | Found a staircase to the Orcish Mines.
  4494 | Orc:1    | Entered Level 1 of the Orcish Mines
  4513 | Orc:2    | Entered Level 2 of the Orcish Mines
  4586 | Orc:2    | Found Qesein's Overcharged Wands.
  4632 | Orc:1    | Paralysed by an orc sorcerer for 3 turns
  4651 | Orc:1    | Reached XP level 14. HP: 48/124 MP: 24/24
  4710 | Orc:1    | Found Cetuxt's Jewellery Shoppe.
  4808 | Orc:2    | Found a staircase to the Elven Halls.
  4915 | Orc:2    | Noticed an orc warlord
  4924 | Orc:2    | Killed an orc warlord
  5006 | Orc:2    | Found Xepnuin's Antique Weapon Shop.
  5009 | Orc:2    | Found Gameog's Antique Armour Boutique.
  5014 | Orc:2    | Bought a pair of runed gloves for 195 gold pieces
  5031 | Orc:2    | Bought an encrusted hand axe for 184 gold pieces
  5031 | Orc:2    | Identified the +4 hand axe of Wu Jian's Indignation {venom,
                  | rElec Int+3} (You bought it in a shop on level 2 of the
                  | Orcish Mines)
  5205 | Snake:1  | Entered Level 1 of the Snake Pit
  5229 | Snake:1  | Reached skill level 1 in Dodging
  5231 | Snake:1  | HP: 6/130 [naga warrior/splash of poison (1)]
  5232 | Snake:1  | Demolished by a naga

Illustrated notes

Levels and vault maps discovered:
D:1:      dpeg_arrival_boxes_within_box, layout_rooms, basic_ecumenical_altar,
          kennysheep_small_spiral, minmay_shallow_snake_nest
D:2:      layout_loops_cross
D:3:      layout_loops_corners, minmay_fractal_squares_gapless_5
D:4:      layout_basic, fountainhead, minmay_misc_feat_tower
D:5:      layout_rooms, mainiacjoe_overflow_catwalk, lemuel_temple_firewalk_b,
          nicolae_ossuary_entry_catacombs, uniq_sigmund
D:6:      layout_loops_ring, chequers_temple_overflow_minitemple,
          kennysheep_minor_cross, chequers_mini_garden
D:7:      layout_gridville, worldfamousw_hep_ancestral_shrine,
          minmay_alternating_orb
D:8:      layout_basic, kennysheep_small_square
D:9:      layout_loops_ring, lemuel_coloured_pillars_altar, david_lair_generic,
          minmay_orc_entry_temple_large, serial_shops, nicolae_stop_n_shop_1,
          roderic_batcave, kennysheep_decorative_pillar, glass_columns_a
D:10:     layout_rooms, makhleb_altar_promises_db, nicolae_stop_n_shop_2,
          uniq_nergalle
D:11:     layout_irregular_city, kennysheep_generic_room_5
D:12:     layout_loops_cross, serial_bayou, serial_bayou_pond_e,
          serial_bayou_pond_e, serial_bayou_pond_a, serial_bayou_pond_e,
          grunt_gozag_statues
Lair:1:   layout_regular_city, gauntlet_entry_generic, serial_bayou_pond_d,
          lemuel_fruit_tree, grunt_megastairs_1, infiniplex_staircase_pool_2,
          serial_bayou_shore_b
Lair:2:   layout_hall_layers, nicolae_snake_entry_squirm,
          chequers_serial_rivers_small_b, st_stairs_4
Lair:3:   layout_loops_ring, nicolae_swamp_entry_splash_gauntlet,
          grunt_megastairs_2, uniq_snorg
Lair:4:   layout_cave_pods, grunt_megastairs_3
Snake:1:  layout_misc_corridors, basic_altar, uniq_louise, uniq_asterion
Orc:1:    layout_diamond_mine, serial_shops,
          nicolae_shop_temple_entry_statues_fountains
Orc:2:    grunt_orc_community_town_hall, layout_caves,
          grunt_orc_community_big_house_1, grunt_orc_community_big_house_1,
          grunt_orc_community_house_1, grunt_orc_community_house_1,
          grunt_orc_community_house_2, grunt_orc_community_house_2,
          grunt_orc_community_house_1, nicolae_shop_overcharged_wands

Skill      XL: |  1  2  3  4  5  6  7  8  9 10 11 12 13 14 |
---------------+-------------------------------------------+-----
Axes           | 3 4 5 7 9 11 12 13 14 15 | 15.5
Evocations     | 2 5 |  5.1
Armour         | 4 5 9 11 | 11.0
Fighting       | 7 9 10 13 | 13.8
Invocations    | 5 6 10 11 13 14 | 14.2
Dodging        | 1 |  1.7
Shields        | |  3.6

Action                     |  1- 3 |  4- 6 |  7- 9 | 10-12 | 13-15 || total
---------------------------+-------+-------+-------+-------+-------++-------
  Melee: War axe           |    55 |    34 |   290 |   328 |   330 ||  1037
 Invoke: Grow Ballistomyce |       |       |       |     1 |     1 ||     2
         Overgrow          |       |       |       |       |     2 ||     2
  Evoke: Wand              |       |       |       |       |     3 ||     3
    Use: Scroll            |       |     1 |    11 |    10 |     5 ||    27
         Potion            |       |     1 |       |     5 |     1 ||     7
   Stab: Petrifying        |       |       |       |     1 |     4 ||     5
         Paralysed         |       |       |       |     1 |       ||     1
         Distracted        |       |       |       |       |     1 ||     1
 Armour: Scale mail        |    14 |    11 |    59 |    21 |       ||   105
         Plate armour      |       |       |       |    80 |   171 ||   251
  Dodge: Dodged            |    33 |    32 |   159 |   172 |   165 ||   561
  Block: Buckler           |    10 |     9 |    59 |    67 |    71 ||   216

Table legend: (Time is in decaauts)
 A = Elapsed time spent in this place.
 B = Non-inter-level travel time spent in this place.
 C = Inter-level travel time spent in this place.
 D = Time resting spent in this place.
 E = Time spent auto-exploring this place.
 F = Levels seen in this place.
 G = Mean time per level.
                   A        B        C        D        E       F      G
               +--------+--------+--------+--------+--------+-----+--------+
         Total |   5213 |   5047 |    166 |     68 |      0 |  21 |  248.2 |
       Dungeon |   2630 |   2543 |     87 |      0 |      0 |  12 |  219.2 |
          Lair |   1206 |   1157 |     49 |      0 |      0 |   4 |  301.5 |
     Snake Pit |     25 |     25 |      0 |      0 |      0 |   1 |   25.0 |
  Orcish Mines |    611 |    581 |     30 |      0 |      0 |   2 |  305.5 |
       Ossuary |    356 |    356 |      0 |      0 |      0 |   1 |  356.0 |
      Gauntlet |    382 |    382 |      0 |     68 |      0 |   1 |  382.0 |
               +--------+--------+--------+--------+--------+-----+--------+

Top non-repeatable levels by time:
     D:9: 598 daAuts
  Lair:2: 530 daAuts
  Lair:3: 485 daAuts
   Orc:2: 399 daAuts
Gauntlet: 382 daAuts
 Ossuary: 356 daAuts
     D:5: 342 daAuts
    D:11: 335 daAuts
    D:10: 316 daAuts
     D:1: 228 daAuts
     D:8: 227 daAuts
   Orc:1: 212 daAuts
     D:4: 168 daAuts
  Lair:1: 167 daAuts
    D:12: 128 daAuts
